 Dungeon Crawl Stone Soup version 0.31-a0-640-g39d97e502b (webtiles) character file.

Game seed: 17762857077511207607

4 GordonOverkill the Sneak (level 1, -1/11 HPs)
             Began as a Vine Stalker Delver on Aug 28, 2023.
             Slain by an adder (3 damage)
             ... on level 5 of the Dungeon.
             The game lasted 00:00:26 (43 turns).

GordonOverkill the Sneak (Vine Stalker Delver)        Turns: 43, Time: 00:00:27

Health: -1/11      AC:  3    Str: 14    XL:     1   Next: 60%
Magic:  0/2        EV: 11    Int: 10    God:
Gold:   0          SH:  0    Dex: 15    Spells: 0/0 levels left

rFire   . . .        a - +0 spear
rCold   . . .        (no shield)
rNeg    . . .        b - +0 leather armour
rPois   .            (no helmet)
rElec   .            (no cloak)
rCorr   .            (no gloves)
SInv    .            (no boots)
Will    .....        (no amulet)
Stlth   +++          (no ring)
HPRegen 0.21/turn    (no ring)
MPRegen 0.08/turn

%: guardian spirit
@: lethally poisoned (-1 -> -12), hasted, very quick
A: fangs 2, magic shield, antimagic bite, no potion heal 2
a: no special abilities


You were on level 5 of the Dungeon.
You visited 1 branch of the dungeon, and saw 2 of its levels.

Inventory:

Hand Weapons
 a - a +0 spear (weapon)
Armour
 b - a +0 leather armour (worn)
Wands
 g - a wand of digging (3)
Scrolls
 c - a scroll of fog
 d - a scroll of revelation
 e - a scroll of fear


   Skills:
 + Level 2.8 Fighting
 + Level 1.9 Polearms
 + Level 1.6 Dodging
 - Level 6.0 Stealth


You couldn't memorise any spells.
You didn't know any spells.
Your spell library was empty.

Dungeon Overview and Level Annotations

Branches:
Dungeon (6/15)
 Temple: D:4-7

Altars:

Annotations:
D:6 Jeremiah


Innate Abilities, Weirdness & Mutations

You have extremely sharp teeth.
When hurt, damage is shared between your health and your magic reserves.
Your bite disrupts and absorbs the magic of your enemies.
Potions cannot restore your health.


Message History

You hit the orc.
You kill the orc!
You hit the orc. Your bite misses the orc.
The orc is severely wounded.
The orc misses you. The orc hits you with a +0 falchion.
You barely miss the orc.
The orc is severely wounded.
The orc hits you but does no damage. x2
The orc attacks as it pursues you! The orc closely misses you.
You closely miss the orc.
The orc hits you with a +1 mace of holy wrath.
You closely miss the orc. You bite the orc. You drain its power.
You feel invigorated.
The orc is moderately wounded.
The orc closely misses you.
You barely miss the orc. You bite the orc. You drain its power.
The orc is moderately wounded.
An orc opens the door.
Found 2 scrolls labelled UGEDAZ KA LAE.
A scorpion comes into view.
You hit the orc.
You kill the orc!
You hit the adder but do no damage. Your bite misses the adder.
The adder bites you. The adder bites you but does no damage.
You feel yourself speed up.
The scorpion stings you but does no damage.
The adder closely misses you.
You barely miss the scorpion. You bite the scorpion. You drain its power.
The scorpion is lightly wounded.
The scorpion stings you.
* * * LOW HITPOINT WARNING * * *
You are lethally poisoned!
The scorpion poisons you! The adder closely misses you.
The dart slug briefly extends its eye-stalks.
You barely miss the scorpion. Your bite misses the scorpion.
The scorpion is lightly wounded.
* * * LOW HITPOINT WARNING * * *
You feel very sick. The scorpion barely misses you. The adder bites you.
You die...

## +. ##.#+# ....#
...##+## .?#...#
#s#...#+# #@So....#
###...### .....
#w')..+ # .D...
#+#.#####.# .....
#..S.o###.#####.....
#.....o.............
#.....#w#...........
#+#^###.######......
#.+..........####


You could see a scorpion, an adder and an orc.

Vanquished Creatures
  2 orcs (D:5)
2 creatures vanquished.

Notes
Turn   | Place    | Note
-------+----------+-------------------------------------------
     0 | D:5      | GordonOverkill the Vine Stalker Delver began the quest for
                  | the Orb.
     0 | D:5      | Reached XP level 1. HP: 11/11 MP: 2/2
     1 | D:6      | Noticed Jeremiah
    12 | D:5      | Noticed a steam dragon
    39 | D:5      | Noticed a scorpion
    43 | D:5      | Slain by an adder

Illustrated notes

Levels and vault maps discovered:
D:5:      nicolae_cairo_tiling_large, layout_basic
D:6:      layout_layer_cave, uniq_jeremiah

Action                     || total
---------------------------++-------
  Melee: Spear             ||    12
         Bite              ||     5
    Use: Potion            ||     1
 Armour: Leather armour    ||     4
  Dodge: Dodged            ||     6

Table legend: (Time is in decaauts)
 A = Elapsed time spent in this place.
 B = Non-inter-level travel time spent in this place.
 C = Inter-level travel time spent in this place.
 D = Time resting spent in this place.
 E = Time spent auto-exploring this place.
 F = Levels seen in this place.
 G = Mean time per level.
                   A        B        C        D        E       F      G
               +--------+--------+--------+--------+--------+-----+--------+
         Total |     43 |     43 |      0 |      0 |      0 |   2 |   21.5 |
       Dungeon |     43 |     43 |      0 |      0 |      0 |   2 |   21.5 |
               +--------+--------+--------+--------+--------+-----+--------+

Top non-repeatable levels by time:
     D:5: 41 daAuts
     D:6: 1 daAuts
